 Dungeon Sprint DCSS version 0.27.0-1-g7a089689b8 (webtiles) character file.

Game seed: 14432050201108065569

2805 xpp the Carver (level 9, -1/93 HPs)
             Began as a Pale Draconian Berserker on July 31, 2021.
             Was a High Priest of Trog.
             Slain by a centaur warrior (10 damage)
             ... in the Dungeon (Sprint II: "The Violet Keep of Menkaure").
             The game lasted 00:08:27 (930 turns).

xpp the Carver (Pale Draconian Berserker)            Turns: 930, Time: 00:08:28

Health: -1/93      AC:  7    Str: 18    XL:     9   Next: 44%
Magic:  9/9        EV: 16    Int:  7    God:    Trog [*****.]
Gold:   172        SH:  0    Dex: 12    Spells: 8/8 levels left

rFire    + + .     SeeInvis +   a - +0 falchion
rCold    . . .     Faith    .   (no shield)
rNeg     . . .     Spirit   .   (armour unavailable)
rPois    .         Reflect  .   (helmet restricted)
rElec    .         Harm     .   (no cloak)
rCorr    +         Rampage  .   (no gloves)
Will     .....     NoTele   +   (no boots)
Stlth    +.........             i - amulet of Redio {rF++ Regen+ rCorr Str-4 SInv}
HPRegen  1.25/turn              (no ring)
MPRegen  0.11/turn              (no ring)

@: on berserk cooldown, slowed, very slow
A: breathe steam, AC +7, unfitting armour, cold-blooded, steam resistance
a: Breathe Steam, Renounce Religion, Berserk, Trog's Hand, Brothers in Arms


You were in the Dungeon.
You worshipped Trog.
Trog was extremely pleased with you.
You visited 1 branch You collected 827 gold pieces.
You spent 655 gold pieces at shops.

Inventory:

Hand Weapons
 a - a +0 falchion (weapon)
Missiles
 h - 15 bolts
Jewellery
 i - the amulet of Redio (around neck) {rF++ Regen+ rCorr Str-4 SInv}
   (You bought it in a shop in the Dungeon)

   [amulet of regeneration]

   Str:       It affects your strength (-4).
   rF:        It greatly protects you from fire.
   SInv:      It lets you see invisible.
   Regen:     It increases your rate of health regeneration.
   rCorr:     It protects you from acid and corrosion.
Potions
 b - 2 potions of curing
 d - a potion of haste
 e - 2 potions of magic
 f - a potion of berserk rage


   Skills:
 + Level 13.2 Fighting
 + Level 14.3 Long Blades
 + Level 10.7 Dodging


You had 8 spell levels left.
You didn't know any spells.
Your spell library was empty.

Dungeon Overview and Level Annotations

Branches:
Dungeon (1/1)

Altars:
Cheibriados
Dithmenos
Elyvilon
Fedhas
Hepliaklqana
Kikubaaqudgha
Makhleb
Qazlal
Ru
Sif Muna
Trog
Uskayaw
Wu Jian
Xom
Yredelemnul
Zin
The Shining One
Beogh
Jiyva
Lugonu

Shops:
D :?:(=:!=[[=[![?

Annotations:
D exclusion: oklob plant, Kirke


Innate Abilities, Weirdness & Mutations

You can breathe blasts of scalding, opaque steam.
Your pale cyan-grey scales are hard. (AC +7)
You cannot fit into any form of body armour.
You are cold-blooded and may be slowed by cold attacks.
You are immune to the effects of steam.


Message History

You slash the yaktaur captain!
The yaktaur captain is almost dead.
You slash the yaktaur captain!
You kill the yaktaur captain!
Trog accepts your kill.
Trog will now gift you melee weapons as you gain piety.
Your Fighting skill increases to level 13!
Your Long Blades skill increases to level 14!
You slam the door shut with a bang!
You feel a strong urge to attack something.
You feel your anger nearly subside.
You are no longer berserk.
You are exhausted.
You feel yourself slow down.
Your skin stops crawling.
You feel less strong-willed.
You open the door.
A centaur warrior opens the door.
The centaur warrior wields a +0 shortbow.
The centaur warrior shoots an arrow.
The arrow misses you.
There is an open door here.
You have got your breath back.
The centaur warrior shoots an arrow.
The arrow hits you!
The centaur warrior shoots an arrow.
The arrow completely misses you.
As you close the door, it creaks loudly!
A centaur warrior opens the door.
You close the door.
A centaur warrior opens the door.
The centaur warrior shoots an arrow.
The arrow hits you!
* * * LOW HITPOINT WARNING * * *
You close the door.
A centaur warrior opens the door.
The centaur warrior shoots an arrow.
The arrow hits you!
* * * LOW HITPOINT WARNING * * *
Unknown command.
You feel much better.
The centaur warrior shoots an arrow.
The arrow hits you!
* * * LOW HITPOINT WARNING * * *
The centaur warrior shoots an arrow.
The arrow misses you.
The centaur warrior shoots an arrow.
The arrow hits you!
* * * LOW HITPOINT WARNING * * *
Okay, then.
The centaur warrior unwields a +0 shortbow.
The centaur warrior hits you but does no damage.
The centaur warrior barely misses you. The centaur warrior hits you!
You die... c

###.°°...... @cK≈##°..○○○ ^...
##########≈≈#'°°#+++## ... ##
#########≈≈≈...c°....# ^^ k#
.......∩#≈≈≈≈.##○##..# #. 8#
....∩.∩.#≈≈≈≈###..## ### +.##.#
...∩.∩..#≈≈≈≈#.##..# ...# #..k#
..∩.∩...#≈≈####.#c####..#####..#
.⌠.∩....#≈##. #@###.##..#..')8#
..∩.∩...#≈#..B##.##...#..#..#.°#
...∩.∩..'≈+ #+.<.')#.+..####^.##
....∩.∩.#≈#..B##.##...#....###°..
▓▓▓▓▓▓###≈##. #'###.##.....k≈°≈≈
?ss######≈≈#####.#####≈≈.....≈#+#
(.G#Z ##≈≈≈#..#..#≈≈≈≈≈≈≈..≈#..
∩P[+. #'#≈##.#.##§≈≈≈≈≈≈≈.≈#._
$$!#)# #.#≈≈##'##≈≈≈§≈≈≈≈≈§≈#_.


You could see a centaur warrior.

Vanquished Creatures
  A fire dragon (D)
  A yaktaur captain (D)
  A merfolk siren (D)
  A kobold demonologist (D)
  A yaktaur (D)
  A polar bear (D)
  A hornet (D)
  Menkaure (D)
  5 scorpions (D)
  3 worms (D)
16 creatures vanquished.

Vanquished Creatures (others)
  A water moccasin (D)
1 creature vanquished.

Grand Total: 17 creatures vanquished

Notes
Turn   | Place    | Note
-------+----------+-------------------------------------------
     0 | D        | xpp the Draconian Berserker began the quest for the Orb.
     0 | D        | Reached XP level 1. HP: 19/19 MP: 1/1
     1 | D        | Noticed a boulder beetle
     1 | D        | Noticed a boulder beetle
    15 | D        | Reached ** piety under Trog
    16 | D        | Reached XP level 2. HP: 27/27 MP: 2/2
    41 | D        | Noticed an ice statue
    42 | D        | Noticed Menkaure
    48 | D        | Killed Menkaure
    49 | D        | Reached skill level 6 in Long Blades
    49 | D        | Reached skill level 5 in Dodging
    49 | D        | Reached XP level 3. HP: 29/38 MP: 3/3
    49 | D        | Reached XP level 4. HP: 35/45 MP: 4/4
    51 | D        | Noticed a water moccasin
   188 | D        | Found Meipn's Magic Scroll Shoppe.
   189 | D        | Found Lenn's Distillery.
   190 | D        | Found Udoyramm's Jewellery Shoppe.
   190 | D        | Found Ujeemug's Antique Armour Shoppe.
   190 | D        | Found Ykovucs's Armour Emporium.
   191 | D        | Found Ketoor's Distillery.
   191 | D        | Found Fycofokh's Jewellery Shoppe.
   191 | D        | Found Pafim's Antique Armour Emporium.
   191 | D        | Found Duavo's Armour Shoppe.
   191 | D        | Killed a water moccasin
   192 | D        | Found Ydahefy's Antique Weapon Emporium.
   192 | D        | Found Mofigesch's Jewellery Shoppe.
   192 | D        | Found Notopsak's Book Emporium.
   193 | D        | Found Xuhe's Magic Scroll Emporium.
   193 | D        | Found Cudoox's Book Shoppe.
   193 | D        | Noticed a redback
   223 | D        | Noticed a merfolk siren
   232 | D        | Killed a merfolk siren
   232 | D        | Reached *** piety under Trog
   233 | D        | Reached skill level 9 in Long Blades
   233 | D        | Reached XP level 5. HP: 50/57 MP: 5/5
   233 | D        | Reached XP level 6. HP: 56/64 MP: 6/6
   370 | D        | Reached skill level 10 in Long Blades
   372 | D        | Your scales start taking on a pale cyan-grey colour.
   372 | D        | Reached XP level 7. HP: 71/71 MP: 7/7
   372 | D        | Gained mutation: You are immune to the effects of steam.
                  | [Pale Draconian growth]
   597 | D        | Reached skill level 10 in Fighting
   600 | D        | Reached **** piety under Trog
   688 | D        | Noticed a redback
   688 | D        | Noticed an oklob plant
   689 | D        | Found Jergh's Book Shoppe.
   691 | D        | Noticed a great orb of eyes
   702 | D        | Bought the amulet of Redio {rF++ Regen+ rCorr Str-4 SInv}
                  | for 559 gold pieces
   712 | D        | Bought a potion of curing for 36 gold pieces
   712 | D        | Bought a potion of heal wounds for 60 gold pieces
   736 | D        | Found a hazy altar of Hepliaklqana.
   736 | D        | Found a snail-covered altar of Cheibriados.
   737 | D        | Found a stormy altar of Qazlal.
   737 | D        | Found a viscous altar of Jiyva.
   737 | D        | Found a shadowy altar of Dithmenos.
   738 | D        | Found a sacrificial altar of Ru.
   738 | D        | Found an ancient bone altar of Kikubaaqudgha.
   738 | D        | Found a white marble altar of Elyvilon.
   739 | D        | Found an ornate altar of the Wu Jian Council.
   739 | D        | Found a shimmering blue altar of Sif Muna.
   739 | D        | Found a corrupted altar of Lugonu.
   740 | D        | Found a shimmering altar of Xom.
   740 | D        | Found a bloodstained altar of Trog.
   740 | D        | Found a burning altar of Makhleb.
   741 | D        | Found a glowing golden altar of the Shining One.
   741 | D        | Found a basalt altar of Yredelemnul.
   741 | D        | Found a hide-covered altar of Uskayaw.
   745 | D        | Noticed a fire dragon
   761 | D        | Killed a fire dragon
   762 | D        | Reached skill level 12 in Long Blades
   762 | D        | Reached XP level 8. HP: 50/83 MP: 8/8
   763 | D        | Noticed a polar bear
   793 | D        | Noticed a hornet
   809 | D        | Noticed a yaktaur
   815 | D        | Killed a hornet
   821 | D        | Killed a polar bear
   822 | D        | Reached skill level 13 in Long Blades
   822 | D        | Reached skill level 10 in Dodging
   832 | D        | Killed a yaktaur
   833 | D        | Reached XP level 9. HP: 55/91 MP: 9/9
   862 | D        | Noticed a death drake
   863 | D        | Noticed a crystal guardian
   864 | D        | Noticed a death drake
   865 | D        | Found a glowing silver altar of Zin.
   867 | D        | Found a blossoming altar of Fedhas.
   867 | D        | Noticed a polar bear
   894 | D        | Noticed Kirke
   894 | D        | Noticed a yaktaur captain
   894 | D        | Noticed a kobold demonologist
   894 | D        | Noticed a centaur warrior
   912 | D        | Noticed a red devil
   913 | D        | Killed a kobold demonologist
   918 | D        | Killed a yaktaur captain
   918 | D        | Reached ***** piety under Trog
   919 | D        | Reached skill level 14 in Long Blades
   930 | D        | Slain by a centaur warrior

Illustrated notes

Levels and vault maps discovered:
D:        the_violet_keep_of_menkaure [sprint2_stairs_cluster_1,
          sprint2_shoproom, sprint2_temple, sprint2_basic_supplies,
          sprint2_obstacle_7, sprint2_obstacle_4, sprint2_obstacle_2,
          sprint2_obstacle_5, sprint2_obstacle_1, sprint2_timed_cluster_1,
          sprint2_smallroom_cluster_1, sprint2_smallroom_final_cluster_1,
          sprint2_transparent_cluster_1, sprint2_second_timed_cluster_1,
          sprint2_sniper_area_1, sprint2_heavy_combat_area_1,
          sprint2_mutation_trap_area_1, sprint2_forest_area_1,
          sprint2_light_combat_area_1, sprint2_behind_water_1,
          sprint2_near_end_vault_1]

Skill      XL: |  1  2  3  4  5  6  7  8  9 |
---------------+----------------------------+-----
Dodging        | 3 5 7 9 10 | 10.7
Fighting       | 4 6 9 11 12 13 | 13.2
Long Blades    | 6 9 10 12 13 14 | 14.3

Action                   |  1- 3 |  4- 6 |  7- 9 || total
-------------------------+-------+-------+-------++-------
Melee: Falchion          |    11 |    12 |    57 ||    80
       Tailslap          |     1 |     2 |     6 ||     9
Invok: Berserk           |     2 |     2 |     5 ||     9
       Trog's Hand       |       |       |     3 ||     3
 Abil: Breathe Steam     |       |       |     2 ||     2
  Use: Potion            |       |       |     2 ||     2
       Scroll            |       |       |     1 ||     1
Armor: Skin              |       |     1 |     9 ||    10
Dodge: Dodged            |     4 |     2 |    37 ||    43
       Rpst.: Falchion   |     3 |     1 |    11 ||    15
